AoeStats
← Théoden

African Clearing

510870464Analyzed
4v4 RM · 8h ago on Oct 2, 2026· 60m 35s· 8 players
Game mode
Random Map
Map size
Large (8 player)
Population
200
Speed
Normal
Resources
Standard
Victory
Conquest
Starting age
Dark Age
Ending age
Imperial Age
RankedLock teamsTeams togetherTeam positionsShared explorationLock speedFull tech treeHidden civsTurbo modeCheats
Victory
Defeat
🇮🇹 Magyars · Italy
1574
+15
🇺🇸 Japanese · United States
1518
+17
🇺🇸 Saxons · United States
1503
+18
🇹🇷 Malians · Türkiye
1482
+19
🇹🇷 Wei · Türkiye
1638
-22
🇹🇷 Mongols · Türkiye
1596
-19
🇹🇷 Franks · Türkiye
1530
-17
🇹🇷 Slavs · Türkiye
1400
-11
CapmaD
10:00 Loom
12:17 Feudal Age
13:09 Double-Bit Axe
14:58 Fletching
21:03 Castle Age
19:27 Stone Mining
19:53 Horse Collar
22:53 Crossbowman
32:11 Imperial Age
51:49 Conscription
53:16 Bow Saw
54:11 Wheelbarrow
53:22 Town Watch
55:39 Scale Mail Armor
56:14 Heavy Plow
57:10 Chain Mail Armor
58:14 Farimba
58:29 Scale Barding Armor
59:35 Bloodlines
59:28 Husbandry
59:40 Forging
60:02 Cavalier
Remo
3:38 Loom
13:48 Feudal Age
17:29 Castle Age
15:52 Double-Bit Axe
18:23 Bow Saw
19:26 Horse Collar
21:15 Heavy Plow
25:30 Fishing Lines
26:30 Wheelbarrow
26:39 Corvinian Army
26:51 Gold Mining
28:22 Hand Cart
28:51 Town Watch
29:42 Gold Shaft Mining
28:58 Stone Mining
33:31 Imperial Age
31:03 Town Patrol
31:12 Scale Mail Armor
31:19 Scale Barding Armor
32:32 Chain Barding Armor
32:43 Bloodlines
32:33 Husbandry
34:57 Conscription
34:01 Elite Magyar Huszar
35:02 Cavalier
38:38 Capped Ram
40:13 Plate Barding Armor
44:19 Fletching
44:29 Padded Archer Armor
56:53 Parthian Tactics
Enter a Name
4:52 Loom
13:31 Feudal Age
17:33 Castle Age
15:50 Double-Bit Axe
16:13 Horse Collar
24:00 Scale Mail Armor
25:19 Forging
25:30 Gambesons
27:51 Wheelbarrow
28:16 Squires
30:35 Chain Mail Armor
33:14 Iron Casting
35:16 Pikeman
38:10 Bow Saw
39:54 Gold Mining
39:56 Stone Mining
41:59 Elite Skirmisher
43:18 Hand Cart
45:35 Fletching
45:46 Padded Archer Armor
45:53 Thumb Ring
47:06 Gold Shaft Mining
51:21 Imperial Age
49:27 Heavy Plow
50:43 Arson
53:11 Conscription
52:16 Shield Wall
53:16 Bodkin Arrow
54:28 Leather Archer Armor
54:14 Bracer
54:31 Arson
54:39 Halberdier
55:46 Ballistics
55:08 Treadmill Crane
57:39 Two-Man Saw
56:57 Capped Ram
58:20 Plate Mail Armor
58:27 Ring Archer Armor
59:33 Chemistry
60:20 Siege Ram
lilzombieross
5:49 Loom
12:01 Feudal Age
13:02 Feudal Age
16:48 Castle Age
15:24 Double-Bit Axe
15:34 Fletching
17:34 Bodkin Arrow
24:22 Husbandry
25:22 Bloodlines
26:00 Wheelbarrow
31:14 Ballistics
31:13 Pikeman
31:54 Squires
31:55 Scale Mail Armor
32:49 Padded Archer Armor
33:43 Thumb Ring
36:10 Chain Mail Armor
38:25 Horse Collar
38:56 Bow Saw
39:20 Forging
39:25 Leather Archer Armor
41:44 Imperial Age
40:55 Iron Casting
42:30 Bracer
41:53 Heavy Cavalry Archer
43:34 Chemistry
42:28 Halberdier
43:41 Plate Mail Armor
44:39 Blast Furnace
44:48 Ring Archer Armor
45:09 Parthian Tactics
50:11 Scale Barding Armor
49:30 Light Cavalry
50:40 Stone Mining
51:33 Masonry
60:05 Hand Cart
Göktürk
10:14 Loom
12:17 Feudal Age
16:28 Castle Age
15:29 Fletching
17:14 Double-Bit Axe
21:41 Padded Archer Armor
22:47 Bloodlines
25:42 Bodkin Arrow
27:03 Husbandry
27:23 Gold Mining
34:21 Imperial Age
33:09 Leather Archer Armor
35:09 Stone Mining
40:31 Bracer
41:33 Chemistry
45:24 Ballistics
48:28 Conscription
51:09 Wheelbarrow
51:08 Thumb Ring
52:24 Parthian Tactics
Théoden
16:37 Feudal Age
17:56 Double-Bit Axe
20:28 Castle Age
19:07 Fletching
21:13 Bodkin Arrow
21:36 Bow Saw
22:01 Loom
23:54 Ballistics
26:42 Fishing Lines
27:33 Bloodlines
27:49 Husbandry
30:53 Padded Archer Armor
32:03 Thumb Ring
33:18 Leather Archer Armor
35:18 Wheelbarrow
38:39 Imperial Age
38:47 Horse Collar
39:46 Conscription
40:34 Chemistry
40:25 Bracer
41:50 Gold Mining
44:55 Parthian Tactics
47:04 Ming Guang Armor
ATABEY
9:19 Loom
12:17 Feudal Age
15:22 Double-Bit Axe
22:12 Castle Age
21:13 Forging
21:57 Scale Barding Armor
24:32 Light Cavalry
25:33 Husbandry
26:29 Chain Barding Armor
28:22 Iron Casting
34:09 Wheelbarrow
37:13 Imperial Age
38:06 Cavalier
39:55 Plate Barding Armor
40:45 Blast Furnace
46:02 Bow Saw
46:55 Paladin
[ICMW] Telepuni
6:14 Loom
13:26 Feudal Age
18:16 Castle Age
16:38 Double-Bit Axe
17:21 Horse Collar
32:26 Detinets
33:14 Heavy Plow
34:39 Wheelbarrow
38:07 Imperial Age
36:42 Bow Saw
36:52 Hand Cart
37:59 Husbandry
38:09 Bloodlines
38:58 Scale Barding Armor
39:04 Forging
39:43 Cavalier
47:24 Light Cavalry
52:22 Chain Barding Armor
53:17 Iron Casting
54:22 Crop Rotation
55:54 Plate Barding Armor
59:30 Sappers
Connection lost

Rejoining the realm…

Still unreachable

The connection could not be restored.

Session expired

The server has moved on; the page needs a fresh start.